 Dungeon Crawl Stone Soup version 0.24-a0-201-gf205589 (webtiles) character file.

Game seed: 6763771126145265745

58 Lanoc the Fighter (level 4, 0/45 HPs)
             Began as a Gnoll Wanderer on Mar 21, 2019.
             Slain by a hound (5 damage)
             ... on level 3 of the Dungeon.
             The game lasted 00:01:49 (1117 turns).

Lanoc the Fighter (Gnoll Wanderer)                  Turns: 1117, Time: 00:01:50

Health: 0/45       AC:  2    Str: 17    XL:     4   Next: 1%
Magic:  4/6        EV: 11    Int: 15    God:
Gold:   106        SH:  0    Dex: 12    Spells: 5/5 levels left

rFire    . . .     SeeInvis .   a - +2 hand crossbow
rCold    . . .     Gourm    .   (no shield)
rNeg     . . .     Faith    .   e - +0 robe
rPois    .         Spirit   .   (no helmet)
rElec    .         Reflect  .   (no cloak)
rCorr    .         Harm     .   (no gloves)
MR       .....                  (no boots)
Stlth    ++........             (no amulet)
HPRegen  0.15/turn              (no ring)
MPRegen  0.10/turn              (no ring)

@: lethally poisoned (0 -> -2)
A: distributed training, fangs 1, strong nose
a: no special abilities


You were on level 3 of the Dungeon.
You were hungry.

You visited 1 branch of the dungeon, and saw 3 of its levels.

You collected 106 gold pieces.

Inventory:

Hand Weapons
 a - a +2 hand crossbow (weapon)
Missiles
 b - 6 bolts (quivered)
Armour
 e - a +0 robe (worn)
Scrolls
 g - a scroll of enchant weapon {unknown}
 h - a scroll of magic mapping {unknown}
 l - 2 scrolls of amnesia {unknown}
 n - a scroll of identify {unknown}
 q - a scroll of enchant armour {unknown}
 r - a scroll of remove curse {unknown}
Potions
 c - a potion of lignification
 d - 2 potions of curing
 i - a potion of heal wounds {unknown}
 j - 3 potions of brilliance {unknown}
 k - a potion of experience {unknown}
 m - 2 potions of degeneration {unknown}
 o - a potion of agility {unknown}
 p - 2 potions of cancellation {unknown}
 s - a potion of resistance {unknown}
Comestibles
 f - 2 rations


   Skills:
 + Level 8.5 Fighting
 + Level 1.0 Short Blades
 + Level 1.0 Long Blades
 + Level 1.0 Axes
 + Level 1.0 Maces & Flails
 + Level 1.0 Polearms
 + Level 1.0 Staves
 + Level 1.0 Slings
 + Level 1.0 Bows
 + Level 2.6 Crossbows
 + Level 1.0 Throwing
 + Level 6.5 Armour
 + Level 1.0 Dodging
 + Level 1.0 Stealth
 + Level 2.6 Shields
 + Level 1.0 Unarmed Combat
 + Level 1.0 Spellcasting
 + Level 0.7 Conjurations
 + Level 0.7 Hexes
 + Level 0.7 Charms
 + Level 0.7 Summonings
 + Level 0.7 Necromancy
 + Level 0.7 Translocations
 + Level 0.7 Transmutations
 + Level 0.7 Fire Magic
 + Level 0.7 Ice Magic
 + Level 0.7 Air Magic
 + Level 0.7 Earth Magic
 + Level 0.7 Poison Magic
 + Level 1.0 Invocations
 + Level 2.6 Evocations


You had 5 spell levels left.
You didn't know any spells.
Your spell library was empty.

Dungeon Overview and Level Annotations

Branches:
Dungeon (3/15)

Altars:


Innate Abilities, Weirdness & Mutations

Your experience applies equally to all skills.
You have very sharp teeth.
Your uncanny sense of smell can sniff out nearby items.


Message History

Your Polearms skill increases to level 1!
Your Staves skill increases to level 1!
Your Slings skill increases to level 1!
Your Bows skill increases to level 1!
Your Throwing skill increases to level 1!
Your Dodging skill increases to level 1!
Your Stealth skill increases to level 1!
Your Unarmed Combat skill increases to level 1!
Your Spellcasting skill increases to level 1!
You have reached level 4!
You feel clever. The hound bites you.
* * * LOW HITPOINT WARNING * * *
The hound bites you but does no damage.
Firing (i - inventory)
b - 7 bolts (quivered)
Press: ? - help, Shift-Dir - straight line, f - hound
Aim: a hound (severely wounded)
You shoot a bolt. The bolt misses the hound.
The hound bites you.
* * * LOW HITPOINT WARNING * * *
The hound bites you.
You die...

.. #. #. # . #
#. (##
!.#.##.####....
...([...†...$#
.....(.....(.##
(.....h@......#
######(######..
.(> ####


You could see a hound.

Vanquished Creatures
  An adder (D:3)
  2 dart slugs (D:1)
  3 leopard geckos
  A ball python (D:2)
  4 giant cockroaches
  5 goblins
  5 hobgoblins
  4 kobolds
  4 bats
  2 frilled lizards
  8 rats
39 creatures vanquished.

Notes
Turn   | Place    | Note
-------+----------+-------------------------------------------
     0 | D:1      | Lanoc the Gnoll Wanderer began the quest for the Orb.
     0 | D:1      | Lanoc set off with the following items: a +2 hand crossbow,
                  | 26 bolts, a potion of lignification, a potion of curing, a
                  | +0 robe, a ration
     0 | D:1      | Reached XP level 1. HP: 26/26 MP: 2/2
   148 | D:1      | Reached XP level 2. HP: 33/33 MP: 3/3
   557 | D:2      | Reached XP level 3. HP: 38/38 MP: 4/4
   906 | D:2      | Reached skill level 1 in Invocations
  1116 | D:3      | Reached skill level 1 in Short Blades
  1116 | D:3      | Reached skill level 1 in Long Blades
  1116 | D:3      | Reached skill level 1 in Axes
  1116 | D:3      | Reached skill level 1 in Maces & Flails
  1116 | D:3      | Reached skill level 1 in Polearms
  1116 | D:3      | Reached skill level 1 in Staves
  1116 | D:3      | Reached skill level 1 in Slings
  1116 | D:3      | Reached skill level 1 in Bows
  1116 | D:3      | Reached skill level 1 in Throwing
  1116 | D:3      | Reached skill level 1 in Dodging
  1116 | D:3      | Reached skill level 1 in Stealth
  1116 | D:3      | Reached skill level 1 in Unarmed Combat
  1116 | D:3      | Reached skill level 1 in Spellcasting
  1116 | D:3      | Reached XP level 4. HP: 13/45 MP: 4/6
  1117 | D:3      | Slain by a hound

Levels and vault maps discovered:
D:1:      lightli_arrival_windingriver, layout_basic
D:2:      layout_loops_ring, st_stairs_5
D:3:      layout_loops_ring, elyvilon_altar_4, first_ration,
          chequers_ecumenical_altar_island, st_stairs_10

Skill      XL: |  1  2  3 |
---------------+----------+-----
Invocations    | 1 |  1.0
Short Blades   | 1 |  1.0
Long Blades    | 1 |  1.0
Axes           | 1 |  1.0
Maces & Flails | 1 |  1.0
Polearms       | 1 |  1.0
Staves         | 1 |  1.0
Slings         | 1 |  1.0
Bows           | 1 |  1.0
Throwing       | 1 |  1.0
Dodging        | 1 |  1.0
Stealth        | 1 |  1.0
Unarmed Combat | 1 |  1.0
Spellcasting   | 1 |  1.0
Fighting       | |  8.5
Crossbows      | |  2.6
Armour         | |  6.5
Shields        | |  2.6
Conjurations   | |  0.7
Hexes          | |  0.7
Charms         | |  0.7
Summonings     | |  0.7
Necromancy     | |  0.7
Translocations | |  0.7
Transmutations | |  0.7
Fire Magic     | |  0.7
Ice Magic      | |  0.7
Air Magic      | |  0.7
Earth Magic    | |  0.7
Poison Magic   | |  0.7
Evocations     | |  2.6

Action                   |  1- 3 |  4- 6 || total
-------------------------+-------+-------++-------
 Fire: Hand crossbow     |    77 |     1 ||    78
Armor: Robe              |     3 |     1 ||     4
Dodge: Dodged            |    12 |       ||    12

Table legend:
 A = Non-vault XP
 B = Vault XP
 C = Vault XP percentage of total XP
 D = Non-vault monster count
 E = Vault monster count
 F = Vault count percentage of total count
                 A         B        C        D         E       F
            +---------+---------+-------+---------+---------+-------
      Total |      81 |       2 |   2.4 |      38 |       1 |   2.6
            +---------+---------+-------+---------+---------+-------
        D:1 |      26 |       0 |   0.0 |      12 |       0 |   0.0
        D:2 |      39 |       2 |   4.9 |      23 |       1 |   4.2
        D:3 |      16 |       0 |   0.0 |       3 |       0 |   0.0
            +---------+---------+-------+---------+---------+-------
